Map: Acropolis LE

Players

ghostdragon

  • Race: Terran Terran
  • League: Bronze
  • Spawn Location: 5:00

TiPtOP - Winner!

  • Race: Terran Terran
  • League: Silver
  • Spawn Location: 11:00

VOD

Have the link to the VOD?

Description

Time

  • Played on: Aug. 16, 2019, 9:50 p.m.
  • Length: 21:53
Show
View Real Time Build Order
Export as new Build Order

ghostdragon Terran 

Build Orders:  

Get SALT Encoding   

  12  0:03  SCV  
  13  0:22  Supply Depot  
  13  0:27  SCV  
  14  0:32  Refinery  
  14  0:39  SCV  
  15  0:48  Barracks  
  15  0:55  SCV  
  16  1:07  Refinery, SCV  
  17  1:19  SCV  
  18  1:38  Factory  
  18  1:50  Reaper  
  19  2:08  Supply Depot  
  19  2:33  Starport  
  19  2:47  Barracks Reactor  
  19  2:48  Factory Tech Lab  
  19  2:52  Orbital Command  
  19  3:15  Siege Tank  
  22  3:23  SCV  
  22  3:26  Starport Reactor  
  23  3:35  Armory  
  22  4:11  Marine x2, Liberator  
  24  4:22  Command Center  
  24  4:27  Engineering Bay  
  24  4:29  Marine x2  
  29  4:42  Terran Vehicle Weapons Level 1  
  29  4:44  Medivac  
  31  4:56  Supply Depot  
  31  5:02  Supply Depot  
  31  5:17  Marine x2  
  33  5:25  Supply Depot  
  33  5:26  SCV  
  34  5:35  Marine x2  
  36  5:49  Missile Turret  
  36  6:41  SCV  
  36  6:44  Orbital Command  
  37  6:47  Marine x2  
  37  6:52  Barracks  
  39  7:05  Marine x2  
  41  7:23  Marine x2  
  43  7:34  SCV  
  43  7:36  SCV  
  45  7:51  Medivac  
  45  7:52  Medivac  
  45  7:55  Siege Tank  
  45  7:57  Barracks Tech Lab  
  52  8:21  Medivac  
  52  8:22  Medivac  
  52  8:24  Combat Shield  
  53  8:43  Siege Tank  
  53  8:45  Missile Turret, Marine  
  53  8:46  Marine  
  58  8:55  SCV  
  59  8:58  SCV  
  60  9:03  Marine x2  
  62  9:10  Missile Turret  
  62  9:11  Refinery  
  62  9:18  Sensor Tower  
  62  9:19  Siege Tank  
  62  9:21  Marine x2  
  67  9:25  Terran Infantry Armor Level 1  
  67  9:26  Terran Vehicle Weapons Level 2  
  67  9:32  Engineering Bay  
  67  9:44  Starport Tech Lab  
  67  10:02  Factory  
  67  10:14  Marine x2  
  67  10:18  Marine  
  70  10:29  Terran Infantry Weapons Level 1  
  70  10:41  Fusion Core  
  70  11:12  Supply Depot  
  70  11:22  Supply Depot  
  70  11:33  Refinery, Marine  
  70  11:34  SCV x2  
  73  11:46  SCV  
  74  11:49  Terran Infantry Armor Level 2  
  74  11:53  Terran Vehicle And Ship Armor Level 1  
  74  11:58  Advanced Ballistics  
  74  12:05  Liberator  
  73  12:28  Terran Infantry Weapons Level 2  
  76  12:31  Marine x2  
  76  12:34  Marine x2  
  80  12:39  Supply Depot  
  80  12:41  Weapon Refit  
  80  12:49  Marine x2  
  82  12:52  SCV, Marine x2  
  85  13:50  Marine x2  
  85  13:54  Marine x2  
  89  14:02  Supply Depot  
  89  14:06  Supply Depot  
  89  14:08  Terran Vehicle And Ship Armor Level 2, Marine x2  
  91  14:24  Battlecruiser  
  51  15:15  Marine x2  
  51  15:18  Marine  
  51  15:19  Marine  
  55  15:22  Siege Tank  
  55  15:25  Siege Tank  
  61  15:33  Marine x2  
  63  15:36  Marine x2  
  65  15:50  Marine  
  65  15:51  Marine  
  65  15:54  Terran Infantry Weapons Level 3, Marine x2  
  65  15:56  Terran Infantry Armor Level 3  
  69  16:08  Marine x2, Liberator  
  71  16:12  Marine x2  
  73  16:19  Bunker  
  76  16:28  Terran Ship Weapons Level 1  
  76  17:32  Command Center  
  76  17:40  Supply Depot  
  76  17:41  Liberator  
  76  17:44  Supply Depot  
  76  17:46  Marine x2  
  80  17:51  Widow Mine  
  80  17:54  Widow Mine  
  82  19:36  Neosteel Armor  
  34  20:50  Siege Tank  
  34  20:51  Siege Tank  
Show
View Real Time Build Order
Export as new Build Order

TiPtOP Terran - Winner!

Build Orders: 2 Factory, Mech 

Get SALT Encoding   

  12  0:00  SCV  
  13  0:12  SCV  
  14  0:19  Supply Depot  
  14  0:26  SCV  
  15  0:40  SCV  
  16  0:44  Barracks  
  16  0:51  Refinery  
  16  0:53  SCV  
  17  1:05  SCV  
  18  1:17  SCV  
  19  1:29  SCV  
  19  1:31  Marine  
  21  1:39  Supply Depot  
  21  1:50  Barracks Tech Lab  
  21  2:06  Orbital Command  
  21  2:13  Factory  
  21  2:26  Command Center  
  21  2:33  SCV  
  21  2:45  SCV  
  22  2:58  SCV  
  23  3:02  Factory  
  23  3:14  SCV  
  23  3:15  Refinery  
  24  3:25  Siege Tank  
  27  3:45  Bunker  
  27  3:52  Factory Reactor  
  24  4:19  Orbital Command  
  24  4:20  SCV  
  24  4:28  Siege Tank  
  27  4:32  SCV  
  27  4:36  Supply Depot  
  28  4:48  SCV x2  
  30  4:59  Armory, Supply Depot  
  30  5:00  SCV  
  30  5:05  Engineering Bay  
  31  5:11  SCV  
  32  5:19  Siege Tank  
  35  5:23  SCV  
  36  5:30  Supply Depot  
  36  5:34  SCV  
  37  5:35  SCV  
  38  5:46  SCV  
  38  5:49  Factory  
  39  5:52  Supply Depot  
  39  5:53  Factory  
  39  5:59  Command Center  
  39  6:01  Hellbat x2  
  36  6:22  Missile Turret  
  36  6:26  Missile Turret  
  35  6:33  Refinery  
  35  6:39  Refinery  
  35  6:52  Missile Turret, Factory Tech Lab  
  35  6:53  Factory Tech Lab  
  35  6:57  Cyclone  
  34  7:19  Cyclone  
  36  7:29  Cyclone  
  38  7:54  Supply Depot  
  38  7:56  Supply Depot  
  35  8:03  Missile Turret  
  29  8:35  SCV  
  30  8:47  SCV  
  31  8:59  SCV  
  31  9:00  Hellbat  
  34  9:20  Missile Turret  
  35  9:24  SCV x2  
  36  9:36  SCV x2  
  38  9:48  Missile Turret, SCV x2  
  38  9:50  Thor  
  38  9:51  Thor  
  52  10:00  SCV  
  52  10:06  Orbital Command  
  53  10:14  Thor  
  53  10:15  Hellbat  
  53  10:16  Hellbat  
  63  10:31  SCV  
  64  10:36  SCV  
  65  10:43  SCV  
  65  10:48  SCV  
  67  10:55  SCV  
  68  10:58  Thor  
  68  10:59  Hellbat x2  
  68  11:00  SCV  
  79  11:07  SCV  
  80  11:12  SCV  
  81  11:20  SCV  
  81  11:24  SCV  
  83  11:32  SCV  
  84  11:34  Thor, Hellbat x2  
  84  11:36  SCV  
  84  11:37  Orbital Command  
  95  11:44  SCV  
  96  11:48  SCV  
  97  12:03  Orbital Command  
  97  12:07  Orbital Command  
  97  12:09  Orbital Command  
  107  12:47  Thor x2  
  109  12:55  Supply Depot x2  
  109  12:59  Supply Depot  
  109  13:11  Infernal Pre-Igniter  
  109  13:17  Hellbat x3  
  109  13:19  Supply Depot  
  115  13:38  Hellbat x2  
  116  13:42  Supply Depot  
  116  13:52  Thor x2  
  116  13:53  Hellbat  
  130  14:00  Hellbat x2  
  134  14:06  Supply Depot  
  134  14:09  Terran Vehicle Weapons Level 1  
  134  14:15  Hellbat  
  136  14:20  Thor  
  142  14:25  Neosteel Armor  
  142  14:33  Supply Depot  
  142  14:35  Thor x2  
  140  15:03  Thor, Orbital Command  
  128  15:09  SCV  
  128  15:10  SCV  
  130  15:15  Hellion x2  
  130  15:18  Thor x2  
  146  15:21  SCV  
  146  15:22  SCV  
  146  15:24  Supply Depot  
  148  15:34  SCV x2  
  150  15:36  Hellion  
  152  15:46  Thor, SCV  
  152  15:47  SCV, Armory  
  152  15:48  SCV  
  161  15:58  SCV, Supply Depot  
  161  16:00  SCV x2  
  161  16:04  Terran Vehicle And Ship Armor Level 1  
  164  16:10  SCV  
  165  16:12  SCV x2  
  165  16:18  Hellion x3  
  167  16:21  Supply Depot  
  167  16:22  SCV  
  167  16:24  Refinery, SCV  
  169  16:27  Refinery  
  169  16:31  Hellion x4, Hellbat  
  179  16:36  SCV  
  180  16:43  Smart Servos  
  180  16:44  Supply Depot  
  180  16:48  SCV  
  180  16:52  Hellbat x3  
  187  17:47  Hellion  
  185  18:00  Command Center  
  185  18:15  Thor  
  185  18:16  Thor  
  185  18:17  Factory Tech Lab  
  197  18:38  Missile Turret  
  197  18:40  Missile Turret  
  195  18:53  Terran Vehicle Weapons Level 2  
  195  18:55  Terran Vehicle And Ship Armor Level 2  
  195  19:01  Factory  
  195  19:12  Factory  
  195  19:14  Factory  
  195  19:24  Refinery x2, Command Center  
  195  19:54  Missile Turret  
  193  20:03  Factory  
  161  20:39  Thor, Hellbat  
  161  20:40  Thor, Hellbat x2  
  173  20:45  Orbital Command  
  173  20:47  Orbital Command  
  173  20:53  Missile Turret  
  173  21:01  Thor, Hellbat  
  173  21:03  SCV x3  
  182  21:14  Missile Turret  
  182  21:15  SCV  
  177  21:35  Missile Turret  
Tags
 
Composition
Mech
Matchup
TvT
Opening
2 Factory
Race
Terran
Spawn Locations
Cross Positions
Add a new tag
Caveats
  • Supply blocks, unpowered buildings, or Contaminate may cause inaccurate times.
  • Supply counts are checked every 10 seconds.